 Dungeon Crawl Stone Soup version 0.28-a0-519-gbfeecf2fc5 (webtiles) character file.

Game seed: 5221989214162234952

474 demibob the Poker (level 6, 0/47 HPs)
             Began as a Demonspawn Chaos Knight on Sept 24, 2021.
             Was a Plaything of Xom.
             Killed by divine providence
             ... invoked by an orc priest
              (15 damage)
             ... on level 5 of the Dungeon.
             The game lasted 00:08:21 (3398 turns).

demibob the Poker (Demonspawn Chaos Knight)         Turns: 3398, Time: 00:08:23

Health: 0/47       AC:  3    Str: 14    XL:     6   Next: 84%
Magic:  4/9        EV: 15    Int: 12    God:    Xom [*.....]
Gold:   162        SH:  0    Dex: 12    Spells: 7/9 levels left

rFire   . . .      SeeInvis .   d - +1 trident
rCold   . . .      Faith    .   (no shield)
rNeg    . . .      Spirit   .   b - +2 leather armour
rPois   .          Reflect  .   (helmet unavailable)
rElec   .          Harm     .   (no cloak)
rCorr   .          Rampage  .   (no gloves)
Will    .....                   (no boots)
Stlth   +.........              (no amulet)
HPRegen 1.15/turn               E - +4 ring of evasion
MPRegen 0.11/turn               L - ring of flight

@: brilliant, flying
A: horns 3, powered by death 1, deformed body, dopey 1
a: Renounce Religion


You were on level 5 of the Dungeon.
You worshipped Xom.
You were a special plaything of Xom.
You visited 1 branch of the dungeon, and saw 6 of its levels.

You collected 162 gold pieces.


Innate Abilities, Weirdness & Mutations

You have a pair of large horns on your head.
You regenerate a little health from kills.
Armour fits poorly on your strangely shaped body.
You are dopey. (Int -2)


   Skills:
 - Level 3.0 Fighting
 + Level 6.0 Polearms
 - Level 1.7 Armour
 - Level 0.9 Dodging
 + Level 2.4 Spellcasting
 - Level 2.4 Summonings


You had 7 spell levels left.
You knew the following spells:

 Your Spells              Type           Power      Damage    Failure   Level
c - Call Imp              Summ           10%        N/A       19%         2

Your spell library contained the following spells:

 Spells                   Type           Power      Damage    Failure   Level
 Magic Dart               Conj           8%         1d3       32%         1
 Mephitic Cloud           Conj/Pois/Air  2%         N/A       67%         3

Inventory:

Hand Weapons
 a - a +0 spear of chaos
 d - a +1 trident (weapon)
Armour
 b - a +2 leather armour (worn)
Jewellery
 E - a +4 ring of evasion (left hand)
 F - a ring of fire
 L - a ring of flight (right hand)
Wands
 g - a wand of paralysis (3)
Potions
 e - a potion of berserk rage {unknown}
 h - a potion of mutation {unknown}
 i - a potion of heal wounds {@q2}

Dungeon Overview and Level Annotations

Branches:
Dungeon (6/15)
 Temple: D:4-7

Altars:

Shops:
D:5

[ .#.# #...........
.#.# ..........
#########.?. ...#
#........ .!.. >.8#
#........ ?.. ..)#
####........ ∩.8#
#........#'####### #
...#
#................#.#
<.8#
#................5.#
...#
#.........)@oo...#
.#.#
#..........o5....#
.#.#
#..:........o.####
.#.###.............#
.#.................###
.#####................
.# #########.....?...
#..........
#..........


You could see an orc priest (ally target), an orc wizard, 2 orcs, a friendly
crimson imp (summoned) and a friendly white imp (summoned).


Message History

Your white imp freezes the ogre.
The orc hits you with a +0 short sword.
The orc wizard hits you but does no damage.
The orc completely misses you.
Reach: d) +1 trident
Press: ? - help, Dir - move target, f/p - ogre
Aim: an ogre, wielding a +0 giant club (severely wounded, paralysed, ally target, about 2% to evade your +1 trident)
Okay, then.
You closely miss the orc priest.
Your white imp completely misses the ogre.
The orc hits you with a +0 short sword.
The orc wizard gestures at you while chanting.
The puff of flame misses you. The orc priest misses you.
The orc closely misses you.
Unknown command.
You hit the orc priest but do no damage.
Your white imp gestures at the ogre.
The puff of frost hits the ogre!
The ogre dies!
The orc misses you.
The orc wizard hits you with a +0 dagger.
* * * LOW HITPOINT WARNING * * *
The orc priest barely misses you. The orc hits you with a +0 hand axe!
* * * LOW HITPOINT WARNING * * *
Your Polearms skill increases to level 6!
Your Spellcasting skill increases to level 2!
Your white imp hits the orc priest but does no damage.
The orc priest invokes the aid of Beogh against you.
Beogh smites you!
You die... "It was about time."

Skill      XL: |  1  2  3  4  5  6 |
---------------+-------------------+-----
Polearms       | 3 4 5 6 |  6.0
Summonings     | 1 2 |  2.4
Spellcasting   | 1 2 |  2.4
Fighting       | |  3.0
Armour         | |  1.7
Dodging        | |  0.9

Action                   |  1- 3 |  4- 6 || total
-------------------------+-------+-------++-------
Melee: Trident           |   117 |   119 ||   236
       Spear             |     7 |       ||     7
       Headbutt          |    10 |    13 ||    23
 Cast: Call Imp          |       |    11 ||    11
Evoke: Wand              |       |     4 ||     4
  Use: Scroll            |     3 |     7 ||    10
       Potion            |       |     6 ||     6
 Stab: Sleeping          |     2 |       ||     2
       Paralysed         |       |     8 ||     8
Armor: Leather armour    |    34 |    33 ||    67
Dodge: Dodged            |    61 |   107 ||   168

Levels and vault maps discovered:
D:1:      dpeg_arrival_solitude, layout_rooms
D:2:      layout_rooms
D:3:      layout_rooms, uniq_jessica
D:4:      layout_basic, amcnicky_mini_corridor_feature, uniq_duvessa
D:5:      layout_basic, gammafunk_ghost_mausoleum, serial_shops,
          nicolae_stop_n_shop_2
D:6:      layout_gridville, minmay_temple_entry_trees, uniq_menkaure

Notes
Turn   | Place    | Note
-------+----------+-------------------------------------------
     0 | D:1      | demibob the Demonspawn Chaos Knight began the quest for the
                  | Orb.
     0 | D:1      | Reached XP level 1. HP: 18/18 MP: 1/1
    83 | D:1      | Reached skill level 3 in Polearms
   166 | D:1      | Gained mutation: You have a pair of small horns on your
                  | head. [demonic ancestry]
   166 | D:1      | Reached XP level 2. HP: 24/24 MP: 2/2
   433 | D:1      | XOM: silly message
   492 | D:2      | Gained mutation: You have a pair of horns on your head.
                  | [demonic ancestry]
   492 | D:2      | Reached XP level 3. HP: 29/29 MP: 3/3
   656 | D:2      | Reached skill level 4 in Polearms
   691 | D:2      | XOM: 3-stop teleportation journey
  1131 | D:3      | XOM: smoke on damage
  1366 | D:3      | XOM: enchant monster (bad)
  1369 | D:3      | Reached XP level 4. HP: 35/35 MP: 4/4
  1423 | D:3      | XOM: 3-stop teleportation journey
  1699 | D:3      | Learned a level 2 spell: Call Imp
  1727 | D:3      | Noticed Jessica
  1737 | D:3      | Killed Jessica
  1839 | D:3      | Reached skill level 1 in Summonings
  1905 | D:3      | XOM: noise
  2131 | D:4      | Reached skill level 5 in Polearms
  2147 | D:4      | Gained mutation: You regenerate a little health from kills.
                  | [demonic ancestry]
  2147 | D:4      | Reached XP level 5. HP: 19/41 MP: 5/5
  2394 | D:4      | XOM: draining
  2416 | D:4      | Noticed Dowan
  2416 | D:4      | Noticed Duvessa
  2422 | D:4      | XOM: smoke on damage
  2427 | D:4      | Noticed Duvessa
  2427 | D:4      | Duvessa changed into Duvessa the worm
  2427 | D:4      | XOM: polymorph Duvessa -> Duvessa the worm
  2431 | D:4      | XOM: butterfly on damage
  2434 | D:4      | Killed Dowan
  2435 | D:4      | Reached skill level 2 in Summonings
  2452 | D:4      | Killed Duvessa the worm
  2648 | D:4      | XOM: give mutations
  2648 | D:4      | Gained mutation: You are dopey. (Int -2) [Xom's mischief]
  2648 | D:4      | Gained mutation: Armour fits poorly on your strangely
                  | shaped body. [Xom's mischief]
  3055 | D:5      | Entered Level 5 of the Dungeon
  3055 | D:5      | Noticed a centaur
  3055 | D:5      | Found Moxips's Armour Shoppe.
  3059 | D:5      | XOM: noise
  3060 | D:5      | XOM: enchant monster (bad)
  3072 | D:5      | Killed a centaur
  3073 | D:5      | Reached skill level 1 in Spellcasting
  3073 | D:5      | Gained mutation: You have a pair of large horns on your
                  | head. [demonic ancestry]
  3073 | D:5      | Reached XP level 6. HP: 27/47 MP: 4/7
  3084 | D:5      | XOM: 2-stop teleportation journey
  3151 | D:5      | XOM: enchant monster (bad)
  3156 | D:5      | XOM: torment (16/47 hp)
  3377 | D:5      | XOM: 2-stop teleportation journey
  3382 | D:5      | XOM: summons 6 friendly demons
  3385 | D:5      | XOM: 2-stop teleportation journey
  3387 | D:5      | XOM: potion effect (brilliance)
  3393 | D:5      | XOM: swap monsters
  3398 | D:5      | Reached skill level 6 in Polearms
  3398 | D:5      | Reached skill level 2 in Spellcasting
  3398 | D:5      | Killed from afar by an orc priest

Vanquished Creatures
  A centaur (D:5)
  Dowan (D:4)
  2 water moccasin skeletons
  A bullfrog skeleton (D:5)
  Jessica (D:3)
  3 adders
  A white imp (D:3)
  4 worms
  A dart slug (D:1)
  An orc (D:4)
  4 ball pythons
  3 endoplasms
  5 giant cockroaches
  11 hobgoblins
  A jackal (D:5)
  A quokka (D:1)
  5 bats
  4 frilled lizards
  6 goblins
  10 kobolds
  4 rats
70 creatures vanquished.

Vanquished Creatures (collateral kills)
  An ogre (D:5)
  An orc (D:5)
2 creatures vanquished.

Grand Total: 72 creatures vanquished

Table legend: (Time is in decaauts)
 A = Elapsed time spent in this place.
 B = Non-inter-level travel time spent in this place.
 C = Inter-level travel time spent in this place.
 D = Time resting spent in this place.
 E = Time spent auto-exploring this place.
 F = Levels seen in this place.
 G = Mean time per level.
                   A        B        C        D        E       F      G
               +--------+--------+--------+--------+--------+-----+--------+
         Total |   3413 |   3325 |     88 |    759 |   1920 |   6 |  568.8 |
       Dungeon |   3413 |   3325 |     88 |    759 |   1920 |   6 |  568.8 |
               +--------+--------+--------+--------+--------+-----+--------+

Top non-repeatable levels by time:
     D:4: 960 daAuts
     D:2: 853 daAuts
     D:3: 805 daAuts
     D:1: 451 daAuts
     D:6: 197 daAuts
     D:5: 145 daAuts

Table legend:
 A = Non-vault XP
 B = Vault XP
 C = Vault XP percentage of total XP
 D = Non-vault monster count
 E = Vault monster count
 F = Vault count percentage of total count
                 A         B        C        D         E       F
            +---------+---------+-------+---------+---------+-------
      Total |     567 |     111 |  16.4 |      69 |       3 |   4.2
            +---------+---------+-------+---------+---------+-------
        D:1 |      33 |       0 |   0.0 |      17 |       0 |   0.0
        D:2 |      55 |       0 |   0.0 |      17 |       0 |   0.0
        D:3 |      57 |      37 |  39.4 |      21 |       1 |   4.5
        D:4 |      79 |      74 |  48.4 |       8 |       2 |  20.0
        D:5 |     343 |       0 |   0.0 |       6 |       0 |   0.0
            +---------+---------+-------+---------+---------+-------
